 Dungeon Crawl Stone Soup version 0.30-a0-125-g51eefa89be (webtiles) character file.

Game seed: 11078744879361559236

22870 greasedhog the Frost Mage (level 13, -4/72 HPs)
             Began as a Gargoyle Ice Elementalist on Sept 19, 2022.
             Was a High Priest of Vehumet.
             Killed by divine providence
             ... invoked by an orc priest
              (16 damage)
             ... on level 2 of the Orcish Mines.
             The game lasted 00:30:04 (15177 turns).

greasedhog the Frost Mage (GrIE)                   Turns: 15177, Time: 00:30:05

Health: -4/72      AC: 30    Str: 13    XL:     13   Next: 3%
Magic:  5/24       EV: 12    Int: 20    God:    Vehumet [*****.]
Gold:   1236       SH:  5    Dex: 10    Spells: 14/27 levels left

rFire   + . .      SeeInvis +    E - staff of cold
rCold   + + .      Faith    .    (no shield)
rNeg    + . .      Spirit   .    Q - +0 leather armour {rF+}
rPois   ∞          Reflect  +    k - +1 helmet
rElec   +          Harm     .    n - +0 cloak
rCorr   .          Rampage  .    s - +2 pair of gloves
Will    .....                    u - +0 pair of boots
Stlth   ++........               x - amulet of reflection
HPRegen 0.22/turn                w - ring of protection from cold
MPRegen 0.19/turn                z - ring of see invisible

@: mighty, ice-armoured
A: sickness immunity, AC +9, negative energy resistance 1, electricity
resistance, torment resistance 1, petrification resistance
a: Renounce Religion


You were on level 2 of the Orcish Mines.
You worshipped Vehumet.
Vehumet was extremely pleased with you.
You visited 3 branches of the dungeon, and saw 13 of its levels.
You also visited: Sewer and Bailey.

You collected 1652 gold pieces.
You spent 416 gold pieces at shops.

Inventory:

Hand Weapons
 e - a +2 whip of venom
Missiles
 I - a throwing net
Armour
 k - a +1 helmet (worn)
 n - a +0 cloak (worn)
 s - a +2 pair of gloves (worn)
 u - a +0 pair of boots (worn)
 Q - a +0 leather armour of fire resistance (worn)
Magical Staves
 E - a staff of cold (weapon)
Jewellery
 w - a ring of protection from cold (left hand)
 x - an amulet of reflection (around neck)
 y - an amulet of guardian spirit
 z - a ring of see invisible (right hand)
 F - a ring of willpower
 G - an amulet of magic regeneration
 O - a +4 ring of evasion
 P - an amulet of faith
 U - an amulet of regeneration
Wands
 q - a wand of light (4)
 S - a wand of flame (13)
 V - a wand of iceblast (6)
 X - a wand of charming (7)
Scrolls
 a - a scroll of noise {unknown}
 c - 2 scrolls of blinking
 d - 2 scrolls of poison
 j - 2 scrolls of vulnerability
 l - a scroll of magic mapping
 o - 3 scrolls of fear
 t - a scroll of brand weapon {unknown}
 v - 9 scrolls of teleportation
 A - a scroll of acquirement {unknown}
 C - 2 scrolls of enchant armour {unknown}
 D - a scroll of summoning {unknown}
 M - a scroll of enchant weapon {unknown}
 R - 2 scrolls of identify
 T - a scroll of amnesia {unknown}
 W - a scroll of fog
Potions
 b - 2 potions of magic
 f - a potion of might
 g - 3 potions of cancellation
 h - a potion of curing
 i - a potion of haste
 p - 4 potions of mutation {unknown}
 r - 5 potions of brilliance
 B - 2 potions of heal wounds {unknown}
 H - a potion of lignification {unknown}
 J - a potion of flight {unknown}
 K - a potion of resistance {unknown}
 L - a potion of experience {unknown}
 N - 2 potions of attraction {unknown}


   Skills:
 - Level 5.3 Fighting
 - Level 5.0 Armour
 - Level 5.1 Dodging
 - Level 2.1 Stealth
 * Level 7.8 Spellcasting
 * Level 9.6 Conjurations
 - Level 6.5 Translocations
 * Level 13.1 Ice Magic
 - Level 5.0 Evocations


You had 14 spell levels left.
You knew the following spells:

 Your Spells              Type           Power      Damage    Failure   Level
a - Freeze                Ice            100%       1d11      1%          1
b - Frozen Ramparts       Ice            100%       1d16      1%          3
c - Ozocubu's Armour      Ice            74%        N/A       1%          3
d - Blink                 Tloc           66%        N/A       1%          2
e - Hailstorm             Conj/Ice       68%        3d14      1%          4

Your spell library contained the following spells:

 Spells                   Type           Power      Damage    Failure   Level
 Arcjolt                  Conj/Air       13%        1d23      11%         5
 Apportation              Tloc           66%        N/A       1%          1
 Ensorcelled Hibernation  Hex/Ice        100%       N/A       1%          2
 Dazzling Flash           Conj/Hex       54%        N/A       1%          3
 Iskenderun's Mystic Bla  Conj/Tloc      40%        2d9       1%          4
 Gell's Gravitas          Tloc           33%        N/A       2%          3
 Lesser Beckoning         Tloc           33%        N/A       2%          3
 Teleport Other           Tloc           33%        N/A       2%          3
 Sticky Flame             Conj/Fire      27%        2d5       4%          4
 Manifold Assault         Tloc           33%        N/A       8%          4
 Ignite Poison            Fire/Tmut/Pois 7%         N/A       9%          3
 Summon Small Mammal      Summ           28%        N/A       11%         1
 Irradiate                Conj/Tmut      13%        3d16      11%         5
 Call Canine Familiar     Summ           7%         N/A       32%         3
 Spider Form              Tmut/Pois      7%         N/A       32%         3
 Summon Guardian Golem    Hex/Summ       7%         N/A       32%         3
 Starburst                Conj/Fire      13%        6d6       47%         6
 Anguish                  Hex/Necr       3%         N/A       71%         4
 Cause Fear               Hex            3%         N/A       71%         4
 Petrify                  Tmut/Erth      7%         N/A       71%         4
 Alistair's Intoxication  Tmut/Pois      4%         N/A       96%         5
 Borgnjor's Vile Clutch   Necr/Erth      3%         N/A       96%         5
 Eringya's Noxious Bog    Tmut/Pois      3%         N/A       97%         6
 Dragon Form              Tmut           3%         N/A       100%        7
 Dragon's Call            Summ           3%         N/A       100%        9
 Sublimation of Blood     Necr           Unusable   N/A       N/A         2

Dungeon Overview and Level Annotations

Branches:
Dungeon (10/15)            Temple (1/1) D:4            Lair (0/5) D:8
    Orc (2/2) D:10            Elf (0/3) Orc:2         Sewer (visited)
 Bailey (visited)

Altars:
Ashenzari
Cheibriados
Dithmenos
Elyvilon
Fedhas
Gozag
Hepliaklqana
Kikubaaqudgha
Makhleb
Nemelex Xobeh
Okawaru
Qazlal
Ru
Sif Muna
Trog
Uskayaw
Vehumet
Wu Jian
Xom
Yredelemnul
Zin
The Shining One

Shops:
D:8 [   D:10 ?   Orc:2 [


Innate Abilities, Weirdness & Mutations

You are immune to sickness and miasma.
Your stone body is resilient. (AC +9)
You are immune to poison.
You resist negative energy. (rN+)
You are resistant to electric shocks. (rElec)
You are resistant to unholy torment.
You are immune to petrification.


Message History

The orc high priest is severely wounded.
The orc high priest is blinded.
The neqoxec gestures at you.
The orc wizard twists and deforms.
The wall freezes the orc wizard! x2
You kill the orc wizard!
Vehumet accepts your kill.
You feel your power returning.
The orc high priest invokes the aid of Beogh against you.
Beogh smites you!
* * * LOW HITPOINT WARNING * * *
An orc priest comes into view. It is wielding a +0 hand axe.
Casting: Hailstorm (safe; 1% risk of failure)
Confirm with . or Enter, or press ? or * to list all spells.
Casting: Hailstorm (safe; 1% risk of failure)
Press: ? - help, Dir - look around, f - activate You feel a surge of power!
A cannonade of hail descends around you!
The hail pelts the orc priest!
You kill the orc priest!
Vehumet accepts your kill.
You feel your power returning.
The hail pelts the orc wizard!!
You kill the orc wizard!
Vehumet accepts your kill.
The hail pelts the orc high priest!!
You kill the orc high priest!
Vehumet accepts your kill.
The neqoxec disappears in a puff of smoke!
The ynoxinul disappears in a puff of smoke!
The hail pelts the orc wizard!!
You kill the orc wizard!
Vehumet accepts your kill.
You feel your power returning.
The frozen ramparts melt away.
The orc priest hits you but does no damage.
You have reached level 13!
It was a potion of might.
You feel very mighty all of a sudden. The orc priest closely misses you.
The orc priest mumbles some strange prayers to Beogh against you.
Beogh smites you!
You die...

#.........# .## ##
........<###... ...
...........##.##..
............#.#.#..
...................
........#.....#.##.
.<............#.## # .
..........[......# .#..
.....#....).#...@#.....
.........#[.#..)#o))...#
..........[[.#))))))...#
..............#.#§..#.o#
..........#..#####..# ..
....#........# ..#
.....#.#.....# ..#
......#.#...## ..#
............#


You could see 2 orc priests.

Vanquished Creatures
  An ettin (Orc:2)
  2 two-headed ogres (D:8)
  An orc high priest (Orc:2)
  Urug (Orc:2)
  A deep elf zephyrmancer (Bailey)
  A deep elf pyromancer (D:7)
  3 orc knights
  2 wolf spiders (Orc:1)
  3 orc sorcerers (Orc:2)
  A cyclops (D:7)
  2 ugly things
  A manticore (D:10)
  Joseph (D:8)
  2 trolls (D:7)
  2 hornets
  Prince Ribbit (D:8)
  A tarantella (Orc:1)
  14 yaks
  A wraith (D:9)
  6 wyverns
  5 steam dragons
  A redback (Orc:1)
  4 wargs (Orc:1)
  5 water moccasins
  Pargi (Sewer)
  2 black bears
  26 orc warriors
  6 sky beasts
  An ice beast (D:7)
  2 ogres
  4 centaurs
  2 kobold brigands
  2 bullfrogs
  5 scorpions
  A gnoll sergeant (D:7)
  2 necrophages
  5 wights (D:10)
  17 killer bees
  A howler monkey (D:8)
  5 hounds
  21 orc priests
  A gnoll bouda (D:8)
  3 iguanas
  Natasha (thrice) (D:3)
  38 orc wizards
  Robin (D:4)
  7 adders
  14 gnolls
  2 shadow imps
  An ufetubus (D:5)
  3 worms
  5 dart slugs
  85 orcs
  8 ball pythons
  3 bats
  4 endoplasms
  6 giant cockroaches
  13 goblins
  11 hobgoblins
  10 jackals
  12 kobolds
  8 quokkas
  8 frilled lizards
  7 rats
418 creatures vanquished.

Vanquished Creatures (others)
  An orc wizard (Orc:2)
  An orc (D:5)
  4 fungi (D:8)
  27 plants
33 creatures vanquished.

Grand Total: 451 creatures vanquished

Notes
Turn   | Place    | Note
-------+----------+-------------------------------------------
     0 | D:1      | greasedhog the Gargoyle Ice Elementalist began the quest
                  | for the Orb.
     0 | D:1      | Reached XP level 1. HP: 10/10 MP: 3/3
   123 | D:1      | Reached skill level 1 in Fighting
   123 | D:1      | Reached XP level 2. HP: 12/16 MP: 1/5
   687 | D:1      | Reached XP level 3. HP: 17/20 MP: 1/6
  1459 | D:2      | Learned a level 3 spell: Frozen Ramparts
  1463 | D:2      | Learned a level 3 spell: Ozocubu's Armour
  1475 | D:2      | Reached XP level 4. HP: 26/26 MP: 8/8
  1619 | D:2      | Found an opulent altar of Gozag.
  1774 | D:2      | Found a faded altar of an unknown god.
  2161 | D:2      | Learned a level 2 spell: Blink
  2171 | D:3      | Reached XP level 5. HP: 31/31 MP: 9/9
  2258 | D:3      | Found a white marble altar of Elyvilon.
  2430 | D:3      | Reached skill level 5 in Ice Magic
  2552 | D:3      | Reached XP level 6. HP: 37/37 MP: 5/11
  2639 | D:3      | Found a sparkling altar of Nemelex Xobeh.
  2831 | D:3      | Noticed Natasha
  2840 | D:3      | Killed Natasha
  3104 | D:3      | Noticed Natasha
  3113 | D:3      | Killed Natasha
  3331 | D:3      | Noticed Natasha
  3336 | D:3      | Killed Natasha
  3399 | D:4      | Reached XP level 7. HP: 43/43 MP: 9/13
  3508 | D:4      | Found a bloodstained altar of Trog.
  3545 | D:4      | Found a snail-covered altar of Cheibriados.
  3567 | D:4      | Found a staircase to the Ecumenical Temple.
  3613 | Temple   | Entered the Ecumenical Temple
  3815 | Temple   | Became a worshipper of Vehumet
  3921 | D:4      | Learned a level 4 spell: Hailstorm
  4111 | D:4      | Noticed Robin
  4122 | D:4      | Killed Robin
  4123 | D:4      | Reached skill level 6 in Ice Magic
  4610 | D:5      | Entered Level 5 of the Dungeon
  4633 | D:5      | Reached skill level 5 in Fighting
  4898 | D:5      | Reached XP level 8. HP: 49/49 MP: 15/15
  4907 | D:5      | Reached skill level 5 in Spellcasting
  5006 | D:5      | Found a glowing golden altar of the Shining One.
  5009 | D:5      | Reached * piety under Vehumet
  5009 | D:5      | Offered knowledge of Shock by Vehumet.
  5030 | D:5      | Noticed an angel
  5195 | D:5      | Reached skill level 1 in Armour
  5265 | D:5      | Reached skill level 1 in Translocations
  5698 | D:5      | Found a broken altar of Ashenzari.
  6005 | D:5      | Found a basalt altar of Yredelemnul.
  6007 | D:5      | Noticed a profane servitor
  6084 | D:6      | Reached skill level 7 in Ice Magic
  6087 | D:6      | Found a shadowy altar of Dithmenos.
  6139 | D:6      | Found a glowing drain.
  6143 | Sewer    | Entered a sewer
  6197 | Sewer    | Noticed Pargi
  6204 | Sewer    | Killed Pargi
  6411 | D:6      | Found a sacrificial altar of Ru.
  6444 | D:6      | Reached XP level 9. HP: 25/54 MP: 10/16
  7095 | D:7      | Reached skill level 8 in Ice Magic
  7102 | D:7      | Offered knowledge of Magic Dart by Vehumet.
  7103 | D:7      | Reached skill level 5 in Armour
  7273 | D:7      | Noticed a hornet
  7285 | D:7      | Noticed a deep elf pyromancer
  7287 | D:7      | Killed a hornet
  7287 | D:7      | Reached ** piety under Vehumet
  7287 | D:7      | Noticed a troll
  7291 | D:7      | Reached skill level 5 in Translocations
  7292 | D:7      | Killed a deep elf pyromancer
  7293 | D:7      | Reached skill level 9 in Ice Magic
  7293 | D:7      | Reached XP level 10. HP: 45/59 MP: 12/17
  7315 | D:7      | Noticed a cyclops
  7323 | D:7      | Noticed a green ugly thing
  7375 | D:7      | Killed a green ugly thing
  7389 | D:7      | Killed a cyclops
  7546 | D:7      | Found a stormy altar of Qazlal.
  8052 | D:7      | Reached skill level 1 in Conjurations
  8476 | D:8      | Reached skill level 5 in Dodging
  8476 | D:8      | Reached skill level 10 in Ice Magic
  8481 | D:8      | Offered knowledge of Static Discharge by Vehumet.
  8482 | D:8      | Reached skill level 1 in Evocations
  8486 | D:8      | Reached XP level 11. HP: 63/64 MP: 14/18
  8520 | D:8      | Noticed Joseph
  8523 | D:8      | Found a staircase to the Lair.
  8523 | D:8      | Noticed a two-headed ogre
  8532 | D:8      | Killed Joseph
  8539 | D:8      | Killed a two-headed ogre
  8759 | D:8      | Found a flagged portal.
  8768 | Bailey   | Entered a bailey
  8862 | Bailey   | Reached *** piety under Vehumet
  8870 | Bailey   | Noticed an orc knight
  8880 | Bailey   | Killed an orc knight
  8881 | Bailey   | Reached skill level 5 in Conjurations
  8906 | Bailey   | Offered knowledge of Airstrike by Vehumet.
  9086 | Bailey   | Found a large runed translucent door.
  9086 | Bailey   | Found a large runed translucent door.
  9104 | Bailey   | Noticed a deep elf zephyrmancer
  9193 | Bailey   | Killed a deep elf zephyrmancer
  9194 | Bailey   | Reached skill level 11 in Ice Magic
  9210 | Bailey   | Identified the +5 ring mail of Tender Moments {SInv}
  9613 | D:8      | Noticed a two-headed ogre
  9617 | D:8      | Killed a two-headed ogre
  9851 | D:8      | Found Magac's Antique Armour Shoppe.
  9857 | D:8      | Bought a dyed leather armour for 115 gold pieces
  9857 | D:8      | Bought a glowing hat for 161 gold pieces
  9942 | D:8      | Found a glowing silver altar of Zin.
  9975 | D:8      | Found an ancient bone altar of Kikubaaqudgha.
  9988 | D:8      | Identified the +1 ring mail of Huiz {Fly rCorr Int-4 Dex+6}
 10073 | D:8      | Noticed Prince Ribbit
 10083 | D:8      | Killed Prince Ribbit
 10491 | D:9      | Reached skill level 5 in Evocations
 10493 | D:9      | Noticed a cyan ugly thing
 10498 | D:9      | Reached **** piety under Vehumet
 10504 | D:9      | Killed a cyan ugly thing
 10505 | D:9      | Reached XP level 12. HP: 48/68 MP: 15/20
 11211 | D:10     | Entered Level 10 of the Dungeon
 11236 | D:10     | Found a faded altar of an unknown god.
 11236 | D:10     | Found a faded altar of an unknown god.
 11255 | D:10     | Found a hazy altar of Hepliaklqana.
 11259 | D:10     | Offered knowledge of Flame Wave by Vehumet.
 11499 | D:10     | Reached skill level 12 in Ice Magic
 11713 | D:10     | Found Riephem's Magic Scroll Emporium.
 11725 | D:10     | Found a staircase to the Orcish Mines.
 11730 | D:10     | Bought a scroll of teleportation for 42 gold pieces
 11730 | D:10     | Bought a scroll of teleportation for 42 gold pieces
 11730 | D:10     | Bought a scroll of fog for 56 gold pieces
 12009 | D:10     | Found a shimmering blue altar of Sif Muna.
 12400 | Orc:1    | Entered Level 1 of the Orcish Mines
 13456 | Orc:1    | Reached ***** piety under Vehumet
 13527 | Orc:2    | Entered Level 2 of the Orcish Mines
 13529 | Orc:2    | Found a staircase to the Elven Halls.
 13530 | Orc:2    | Noticed an ettin
 13540 | Orc:2    | Killed an ettin
 13852 | Orc:1    | Offered knowledge of Arcjolt by Vehumet.
 14144 | Orc:2    | Noticed Urug
 14169 | Orc:2    | Killed Urug
 14820 | Orc:2    | Found Siptoig's Armour Emporium.
 14893 | Orc:2    | Found an iron altar of Okawaru.
 15161 | Orc:2    | Noticed an orc high priest
 15174 | Orc:2    | Reached skill level 13 in Ice Magic
 15176 | Orc:2    | Killed an orc high priest
 15177 | Orc:2    | Reached XP level 13. HP: 12/72 MP: 5/24
 15177 | Orc:2    | Killed from afar by an orc priest

Illustrated notes

Levels and vault maps discovered:
D:1:      evilmike_arrival_crescent, layout_basic, minmay_split_cup_large
D:2:      layout_rooms, ebering_ecumenical_altar_rust, basic_altar,
          dreamdust_princess_corridor
D:3:      layout_loops_ring, nemelex_diamond_rough_becter, elyvilon_altar_4,
          serial_glass, glass_columns_a, glass_columns_a, glass_columns_c,
          glass_columns_a, glass_columns_c, glass_columns_c, glass_columns_c,
          glass_columns_a, minmay_three_crescents, uniq_natasha
D:4:      layout_gridville, cheibriados_altar_1, general_overflow_altar,
          minmay_temple_entry_glassed_door, minmay_cupped, uniq_robin
D:5:      layout_loops_ring, grunt_temple_overflow_holy_war,
          nicolae_ashenzari_skybound
D:6:      layout_basic, nicolae_ru_awakened_eye,
          nicolae_dithmenos_shadow_blocks, gup_sewer_entry_bowl
D:7:      layout_cave_pools, nicolae_qazlal_scattered_showers,
          minmay_the_grid_2x2 [minmay_the_grid_all_tris,
          minmay_the_grid_outer_diamond, minmay_the_grid_medium_cups,
          minmay_the_grid_prize_big_room]
D:8:      minmay_bubble_buster, layout_rooms,
          mainiacjoe_overflow_catwalk_spiral, minmay_lair_entry_grove,
          serial_shops, nicolae_shop_behind_doors, enter_bailey_2,
          uniq_prince_ribbit1, uniq_joseph
D:9:      layout_basic
D:10:     layout_small_grid, nicolae_hepliaklqana_ecumenical_no_more,
          mainiacjoe_overflow_alcove_2, serial_shops, shop, serial_rivers,
          chequers_serial_rivers_micro_c, chequers_serial_rivers_large_a,
          chequers_serial_rivers_micro_e, chequers_serial_rivers_room_b
Temple:   nicolae_temple_bog_church
Orc:1:    nicolae_orc_accident_3, layout_caves, basic_altar
Orc:2:    st_orc_mages, layout_caves, serial_shops, shop,
          david_defended_altar_orc, uniq_urug

Skill      XL: |  1  2  3  4  5  6  7  8  9 10 11 12 |
---------------+-------------------------------------+-----
Fighting       | 1 2 3 4 5 |  5.3
Spellcasting   | 3 4 5 7 |  7.8
Ice Magic      | 5 6 7 9 10 11 13 | 13.1
Armour         | 4 5 |  5.0
Translocations | 3 5 6 |  6.5
Dodging        | 3 5 |  5.1
Conjurations   | 3 7 9 |  9.6
Evocations     | 1 5 |  5.0
Stealth        | |  2.1

Action                   |  1- 3 |  4- 6 |  7- 9 | 10-12 | 13-15 || total
-------------------------+-------+-------+-------+-------+-------++-------
Melee: Unarmed           |    11 |       |       |       |       ||    11
       Whip              |    47 |   135 |   205 |    12 |       ||   399
       Punch             |       |       |     2 |     2 |       ||     4
       Staff             |       |       |       |   149 |       ||   149
 Cast: Freeze            |    27 |       |    10 |   136 |       ||   173
       Frozen Ramparts   |       |     8 |    22 |    64 |       ||    94
       Ozocubu's Armour  |       |     4 |     9 |    37 |       ||    50
       Hailstorm         |       |       |       |    40 |       ||    40
       Blink             |       |       |       |     1 |       ||     1
Evoke: Wand              |       |       |       |     6 |       ||     6
  Use: Scroll            |     2 |     1 |     2 |     1 |       ||     6
       Potion            |       |       |       |     7 |     1 ||     8
 Stab: Sleeping          |     2 |     3 |     3 |       |       ||     8
Armor: Robe              |    24 |    83 |   122 |   107 |       ||   336
       Leather armour    |       |       |       |   124 |       ||   124
Dodge: Dodged            |    36 |   106 |   125 |   255 |     1 ||   523
Block: Other             |       |       |    27 |    87 |       ||   114
       Reflection        |       |       |     1 |     3 |       ||     4

Table legend: (Time is in decaauts)
 A = Elapsed time spent in this place.
 B = Non-inter-level travel time spent in this place.
 C = Inter-level travel time spent in this place.
 D = Time resting spent in this place.
 E = Time spent auto-exploring this place.
 F = Levels seen in this place.
 G = Mean time per level.
                   A        B        C        D        E       F      G
               +--------+--------+--------+--------+--------+-----+--------+
         Total |  15272 |  14820 |    452 |   3073 |   9115 |  15 | 1018.1 |
       Dungeon |  12169 |  11770 |    399 |   1894 |   7851 |  10 | 1216.9 |
        Temple |    215 |    195 |     20 |      0 |    182 |   1 |  215.0 |
  Orcish Mines |   2149 |   2117 |     32 |    989 |    733 |   2 | 1074.5 |
         Sewer |    191 |    191 |      0 |      0 |    142 |   1 |  191.0 |
        Bailey |    547 |    547 |      0 |    190 |    207 |   1 |  547.0 |
               +--------+--------+--------+--------+--------+-----+--------+

Top non-repeatable levels by time:
    D:10: 1842 daAuts
     D:5: 1470 daAuts
     D:7: 1366 daAuts
     D:1: 1266 daAuts
     D:8: 1234 daAuts
     D:3: 1217 daAuts
   Orc:1: 1142 daAuts
     D:4: 1046 daAuts
   Orc:2: 1006 daAuts
     D:9: 1003 daAuts
     D:2: 895 daAuts
     D:6: 827 daAuts
  Bailey: 547 daAuts
  Temple: 215 daAuts
   Sewer: 191 daAuts
